 Dungeon Crawl Stone Soup version 0.19-a0-262-g5df7875 (webtiles) character file.

51 oplop the Sneak (level 3, -11/16 HPs)
             Began as a Vine Stalker Enchanter on May 26, 2016.
             Mangled by Sigmund
             ... wielding a +0 scythe
              (13 damage)
             ... on level 3 of the Dungeon.
             The game lasted 00:03:51 (1313 turns).

oplop the Sneak (Vine Stalker Enchanter)            Turns: 1313, Time: 00:03:51

Health: -11/16     AC:  4    Str: 10    XL:     3   Next: 83%
Magic:  0/7        EV: 12    Int: 18    God:
Gold:   142        SH:  0    Dex: 15    Spells: 2 memorised, 3 levels left

rFire  . . .     SeeInvis .     a - +1 dagger
rCold  . . .     Gourm    .     b - +1 robe
rNeg   . . .     Faith    .     (no shield)
rPois  .         Spirit   +     q - +0 helmet
rElec  .         Dismiss  .     (no cloak)
rCorr  .         Reflect  .     (no gloves)
SustAt .         Harm     .     (no boots)
MR     .....                    (no amulet)
Stlth  +++.......               (no ring)
                                h - +3 ring of intelligence

@: very slightly contaminated, not resistant to hostile enchantments, fairly
stealthy
A: fangs 2, regeneration 1, magic shield, antimagic bite, no device heal 3, rot
immunity
a: no special abilities


You were on level 3 of the Dungeon.
You were very hungry.

You visited 1 branch of the dungeon, and saw 3 of its levels.

You collected 142 gold pieces.

Inventory:

Hand Weapons
 a - a +1 dagger (weapon)
Missiles
 l - 4 needles of sleeping
Armour
 b - a +1 robe (worn)
 q - a +0 helmet (worn)
Jewellery
 h - a +3 ring of intelligence (left hand)
Scrolls
 g - a scroll of magic mapping {unknown}
 k - a scroll of fog {unknown}
 o - 2 scrolls of identify {unknown}
Potions
 e - a potion of degeneration {unknown}
 f - a potion of heal wounds {unknown}
 i - 2 potions of lignification {unknown}
 j - a potion of agility {unknown}
 m - a potion of cure mutation {unknown}
 n - a potion of berserk rage {unknown}
 p - a potion of curing {unknown}
Books
 c - a book of Maledictions

   Spells                             Type                      Level
   a - Corona                         Hexes                        1
   b - Ensorcelled Hibernation        Hexes/Ice                    2
   c - Confuse                        Hexes                        3
   d - Tukima's Dance                 Hexes                        3
   e - Dazzling Spray                 Conjuration/Hexes            3
Comestibles
 d - 2 bread rations
 r - a slice of pizza


   Skills:
 + Level 1.2 Short Blades
 + Level 2.0 Dodging
 + Level 4.5 Stealth
 + Level 2.3 Spellcasting
 + Level 3.4 Hexes


You had 3 spell levels left.
You knew the following spells:

 Your Spells              Type           Power        Failure   Level  Hunger
a - Corona                Hex            ##.....      4%          1    #......
b - Ensorcelled Hibernat  Hex/Ice        #.....       14%         2    ##.....


Dungeon Overview and Level Annotations

Branches:
Dungeon (3/15)

Altars:
Fedhas
Sif Muna

Annotations:
D:3 Sigmund


Innate Abilities, Weirdness & Mutations

You have extremely sharp teeth.
Your natural rate of healing is unusually fast.
When hurt, damage is shared between your health and your magic reserves.
Your bite disrupts and absorbs the magic of your enemies.
Potions and wands cannot restore your health.
You are immune to rotting.


Message History

The kobold hits you but does no damage.
You closely miss Sigmund.
Sigmund is heavily wounded.
The quokka barely misses you. Sigmund misses you.
The kobold hits you but does no damage.
You barely miss Sigmund.
Sigmund is heavily wounded.
The quokka bites you.
* * * LOW HITPOINT WARNING * * *
The kobold misses you. Sigmund completely misses you.
The quokka barely misses you.
You hit Sigmund.
Sigmund is heavily wounded.
The kobold closely misses you. The quokka bites you.
* * * LOW HITPOINT WARNING * * *
You hit Sigmund.
Sigmund is severely wounded.
Sigmund hits you with a scythe!
Ouch! That really hurt!
You die...

###.### ......# #....?#
#.....# #.....# # #.....#
#.#K@r..# #..(@...#
#.##.##.# #.##.##.##
#.##.....# #.#####..# #
#........#####.###
##########.|..((..(.......#
#.......##.###.#(..)....#.
#.#####.##.###.#..#..##.#


You could see Sigmund, a quokka and a kobold.

Vanquished Creatures
  3 dart slugs
  A giant gecko (D:1)
  7 goblins (D:1)
  6 hobgoblins
  7 jackals
  3 bats (D:2)
  A giant newt (D:1)
  9 kobolds
  4 rats (D:2)
41 creatures vanquished.

Notes
Turn   | Place    | Note
--------------------------------------------------------------
     0 | D:1      | oplop the Vine Stalker Enchanter began the quest for the Orb.
     0 | D:1      | Reached XP level 1. HP: 9/9 MP: 4/4
    33 | D:1      | You fall through a shaft!
    34 | D:2      | Found a faded altar to an unknown god.
   104 | D:1      | Reached skill level 4 in Stealth
   108 | D:1      | Reached XP level 2. HP: 8/13 MP: 3/6
   153 | D:1      | Reached skill level 1 in Short Blades
   163 | D:1      | Learned a level 2 spell: Ensorcelled Hibernation
   406 | D:1      | Reached XP level 3. HP: 16/16 MP: 7/7
   872 | D:2      | Found a blossoming altar of Fedhas.
  1116 | D:2      | Found a deep blue altar of Sif Muna.
  1293 | D:3      | Noticed Sigmund
  1313 | D:3      | Mangled by Sigmund

Vault maps used:
D:1:      dpeg_arrival_renting, hex_tiny
D:2:      lemuel_doored_altar, ecumenical_altar_2, first_bread, fedhas_altar_3
D:3:      roderic_malta_cross, led_xom_imps, uniq_purgy, uniq_robin,
          uniq_sigmund

Skill      XL: |  1  2  3 |
---------------+----------+-----
Stealth        | 4 |  4.5
Short Blades   | 1 |  1.2
Dodging        | 2 |  2.0
Spellcasting   | |  2.3
Hexes          | |  3.4

Action                   || total
-------------------------++-------
Melee: Dagger            ||   145
       Bite              ||    37
 Cast: Corona            ||     9
       Ensorcelled Hiber ||    10
 Stab: Sleeping          ||     6
  Eat: Chunk             ||     1
Armor: Robe              ||    46
Dodge: Dodged            ||   155
